 Dungeon Crawl Stone Soup version 0.29.1-12-g30fa7ad0bf (webtiles) character file.

Game seed: 9244159596498002931

136 ChadusMaximus the Covered (level 4, -3/41 HPs)
             Began as a Minotaur Fighter on Dec 15, 2022.
             Slain by an ice beast (10 damage)
             ... on level 4 of the Dungeon.
             The game lasted 00:01:36 (2462 turns).

ChadusMaximus the Covered (Minotaur Fighter)        Turns: 2462, Time: 00:01:36

Health: -3/41      AC: 10    Str: 23    XL:     4   Next: 98%
Magic:  3/3        EV:  8    Int:  5    God:
Gold:   156        SH:  8    Dex:  9    Spells: 3/3 levels left

rFire   . . .      SeeInvis .   a - +0 war axe
rCold   . . .      Faith    .   t - +0 kite shield
rNeg    . . .      Spirit   .   b - +0 scale mail
rPois   .          Reflect  .   (helmet restricted)
rElec   .          Harm     .   (no cloak)
rCorr   .          Rampage  .   (no gloves)
Will    .....                   f - +2 pair of boots
Stlth   ..........              m - amulet of regeneration
HPRegen 0.93/turn               (no ring)
MPRegen 0.08/turn               (no ring)

@: no status effects
A: horns 2, retaliatory headbutt
a: no special abilities


You were on level 4 of the Dungeon.
You visited 1 branch of the dungeon, and saw 4 of its levels.

You collected 156 gold pieces.

Inventory:

Hand Weapons
 a - a +0 war axe (weapon)
 v - the +6 dagger of Puem {antimagic, rF+ Will+ rCorr Dex-3}
   (You found it on level 4 of the Dungeon)

   It reduces the magical energy of the wielder, and disrupts the spells and
   magical abilities of those it strikes.
   Natural abilities and divine invocations are not affected.
   Dex:       It affects your dexterity (-3).
   rF:        It protects you from fire.
   rCorr:     It protects you from acid and corrosion.
   Will:      It increases your willpower.
Armour
 b - a +0 scale mail (worn)
 c - a +0 buckler
 f - a +2 pair of boots (worn)
 t - a +0 kite shield (worn)
Jewellery
 m - an amulet of regeneration (around neck)
 r - an amulet of the acrobat
Scrolls
 i - a scroll of poison {unknown}
 j - 3 scrolls of immolation {unknown}
 k - 2 scrolls of noise {unknown}
 l - a scroll of magic mapping {unknown}
 n - a scroll of vulnerability {unknown}
 o - 2 scrolls of blinking {unknown}
 s - 2 scrolls of identify {unknown}
Potions
 d - 6 potions of might
 e - 2 potions of flight {unknown}
 g - a potion of mutation {unknown}
 h - a potion of lignification {unknown}
 p - a potion of degeneration {unknown}
 q - 2 potions of curing {unknown}
 u - a potion of heal wounds {unknown}


   Skills:
 + Level 4.6 Fighting
 + Level 3.7 Axes
 + Level 4.7 Armour
 + Level 4.6 Shields


You had 3 spell levels left.
You didn't know any spells.
Your spell library contained the following spells:

 Spells                   Type           Power      Damage    Failure   Level
 Necrotise                Necr           0%         1d4       98%         1
 Sandblast                Erth           0%         2d4       98%         1
 Passwall                 Tmut/Erth      0%         N/A       99%         2
 Dazzling Flash           Conj/Hex       0%         N/A       100%        3
 Inner Flame              Hex/Fire       0%         N/A       100%        3
 Stone Arrow              Conj/Erth      0%         3d7       100%        3
 Vampiric Draining        Necr           0%         2d6       100%        3
 Cause Fear               Hex            0%         N/A       100%        4
 Agony                    Necr           0%         N/A       100%        5
 Silence                  Hex/Air        0%         N/A       100%        5
 Discord                  Hex            0%         N/A       100%        8


Dungeon Overview and Level Annotations

Branches:
Dungeon (4/15)
 Temple: D:4-7

Altars:


Innate Abilities, Weirdness & Mutations

You have a pair of horns on your head.
You reflexively headbutt those who attack you in melee.


Message History

Found a scroll labelled SIGRYI NUCKI.
There are monsters nearby!
An ice beast comes into view.
There are monsters nearby!
You block the hobgoblin's attack.
You see here a scroll labelled VON TEDUIGOE.
There are monsters nearby!
You barely miss the hobgoblin. You headbutt the hobgoblin.
You kill the hobgoblin!
You hit the hobgoblin. The hobgoblin hits you. x2
Unknown command.
You closely miss the hobgoblin. You headbutt the hobgoblin.
You kill the hobgoblin!
An ice beast is nearby!
The ice beast hits you. The ice beast freezes you!
You see here 9 stones.
Unknown command.
You slash the ice beast!
You headbutt the ice beast, but do no damage.
The ice beast is heavily wounded.
The ice beast barely misses you.
The ice beast hits you but does no damage.
You hit the ice beast. Your headbutt misses the ice beast.
The ice beast is heavily wounded.
The ice beast hits you. The ice beast freezes you!
You barely miss the ice beast. Your headbutt misses the ice beast.
The ice beast is heavily wounded.
You block the ice beast's attack.
The ice beast hits you but does no damage.
You closely miss the ice beast.
The ice beast is heavily wounded.
The ice beast hits you but does no damage.
You barely miss the ice beast.
The ice beast is heavily wounded.
The ice beast hits you. The ice beast freezes you!
* * * LOW HITPOINT WARNING * * *
The ice beast hits you.
* * * LOW HITPOINT WARNING * * *
The ice beast freezes you!
You die...

# #.##.#.#.#.....#
#. #
#+##.#.#.#.###.# #.
# ..#.....#
#.##..... #.
.####..### #.#>.....
#. . ##.# ####.....
## . #.# ##8...8
.######.#######
##8##
...........?..######
.#######...@.....#
#...Y.....#
#..........#
#..........#
...####...... ###.#
<#.?.. . #.# .#....
.# ...


You could see an ice beast.

Vanquished Creatures
  An orc wizard (D:3)
  5 adders
  3 worms (D:2)
  3 orcs (D:3)
  3 ball pythons
  A bat (D:2)
  5 endoplasms
  2 giant cockroaches
  7 hobgoblins
  2 jackals (D:3)
  5 quokkas
  A frilled lizard (D:3)
  7 goblins
  4 kobolds
  3 rats
52 creatures vanquished.

Notes
Turn   | Place    | Note
-------+----------+-------------------------------------------
     0 | D:1      | ChadusMaximus the Minotaur Fighter began the quest for the
                  | Orb.
     0 | D:1      | Reached XP level 1. HP: 19/19 MP: 0/0
   193 | D:1      | Found a faded altar of an unknown god.
   357 | D:1      | Reached XP level 2. HP: 27/27 MP: 1/1
  1160 | D:2      | Reached XP level 3. HP: 33/33 MP: 2/2
  1393 | D:3      | Reached XP level 4. HP: 41/41 MP: 3/3
  2282 | D:4      | Identified the +6 dagger of Puem {antimagic, rF+ Will+
                  | rCorr Dex-3}
  2453 | D:4      | Noticed an ice beast
  2462 | D:4      | Slain by an ice beast

Illustrated notes

Levels and vault maps discovered:
D:1:      lemuel_arrival_lava_pool, layout_basic, basic_ecumenical_altar,
          dreamdust_princess_bridge
D:2:      layout_basic
D:3:      layout_rooms, serial_forest, infiniplex_forest_clump_diagonal,
          infiniplex_forest_fountain, infiniplex_forest_clump_tiny,
          infiniplex_forest_straight_3, infiniplex_forest_lined_room_2,
          infiniplex_forest_lined_room_3, infiniplex_forest_join,
          infiniplex_forest_clump_tiny, infiniplex_forest_end_double,
          infiniplex_forest_end_2, chequers_jeans
D:4:      layout_basic, nicolae_overflow_hidden_temple,
          mainiacjoe_overflow_alcove_4, serial_shops, nicolae_shop_behind_doors

Skill      XL: |  1  2 |
---------------+-------+-----
Fighting       | 4 |  4.6
Armour         | 4 |  4.7
Axes           | 3 |  3.7
Shields        | 4 |  4.6

Action                   |  1- 3 |  4- 6 || total
-------------------------+-------+-------++-------
Melee: War axe           |    73 |    43 ||   116
       Headbutt          |     7 |     9 ||    16
Armor: Scale mail        |    37 |    19 ||    56
Dodge: Dodged            |    35 |    11 ||    46
Block: Buckler           |    15 |     8 ||    23
       Kite shield       |       |     8 ||     8
